 Dungeon Crawl Stone Soup version 0.30-a0-304-gdc4b735fe1 (webtiles) character file.

Game seed: 4290089732694659284

2026 garrulousMonolith the Carver (level 9, -2/78 HPs)
             Began as a Minotaur Fighter on Oct 21, 2022.
             Was an Initiate of Okawaru.
             Slain by a gnoll
             ... wielding a +0 halberd
             ... led by a gnoll sergeant
              (10 damage)
             ... on level 6 of the Dungeon.
             The game lasted 00:07:40 (6638 turns).

garrulousMonolith the Carver (Minotaur Fighter)     Turns: 6638, Time: 00:07:40

Health: -2/78      AC: 14    Str: 20    XL:     9   Next: 3%
Magic:  8/8        EV:  7    Int:  5    God:    Okawaru [......]
Gold:   336        SH:  0    Dex: 15    Spells: 8/8 levels left

rFire   . . .      SeeInvis .    L - +4 falchion
rCold   . . .      Faith    .    c - +0 buckler
rNeg    . . .      Spirit   .    o - +0 plate armour
rPois   .          Reflect  .    (helmet restricted)
rElec   .          Harm     .    (no cloak)
rCorr   .          Rampage  .    (no gloves)
Will    +....                    k - +0 pair of boots
Stlth   ..........               t - amulet of the acrobat
HPRegen 0.33/turn                A - ring of willpower
MPRegen 0.11/turn                (no ring)

@: confused, lethally poisoned (-2 -> -36), ambrosia-drunk, attractive
A: horns 2, retaliatory headbutt
a: Renounce Religion


You were on level 6 of the Dungeon.
You worshipped Okawaru.
Okawaru was noncommittal.
You visited 2 branches of the dungeon, and saw 7 of its levels.
You also visited: Sewer.

You collected 336 gold pieces.

Inventory:

Hand Weapons
 a - a +0 long sword
 e - the +7 dagger "Xieq" {vorpal, rC- Str+3 Int+2}
   (You found it on level 4 of the Dungeon)

   It inflicts extra damage upon your enemies.
   Str:       It affects your strength (+3).
   Int:       It affects your intelligence (+2).
   rC:        It makes you vulnerable to cold.
 n - a +1 dagger of venom
 L - a +4 falchion (weapon)
Missiles
 h - 3 throwing nets (quivered)
 B - 3 silver javelins
 D - 21 poisoned darts
 J - 4 curare-tipped darts
Armour
 b - a +0 scale mail
 c - a +0 buckler (worn)
 k - a +0 pair of boots (worn)
 o - a +0 plate armour (worn)
 u - a +3 ring mail
 P - a +1 chain mail of fire resistance
Jewellery
 t - an amulet of the acrobat (around neck)
 w - an amulet of guardian spirit
 A - a ring of willpower (left hand)
 I - a ring of ice
Wands
 N - a wand of flame (5)
Scrolls
 g - 3 scrolls of fog
 i - a scroll of vulnerability {unknown}
 j - 2 scrolls of teleportation
 p - a scroll of immolation {unknown}
 s - a scroll of torment
 y - 2 scrolls of silence {unknown}
 H - a scroll of poison
 K - a scroll of summoning {unknown}
 M - 2 scrolls of identify
 O - a scroll of amnesia {unknown}
Potions
 d - 2 potions of might
 f - a potion of ambrosia
 l - 2 potions of brilliance
 m - 4 potions of attraction
 q - 3 potions of haste
 r - a potion of degeneration {unknown}
 v - a potion of lignification {unknown}
 x - 2 potions of berserk rage
 z - a potion of curing {unknown}
 C - 2 potions of magic {unknown}
 E - a potion of invisibility
 F - 2 potions of resistance
 G - 2 potions of cancellation


   Skills:
 + Level 6.8 Fighting
 * Level 8.5 Long Blades
 + Level 6.9 Armour
 + Level 5.0 Dodging
 + Level 6.7 Shields


You had 8 spell levels left.
You didn't know any spells.
Your spell library contained the following spells:

 Spells                   Type           Power      Damage    Failure   Level
 Ignite Poison            Fire/Tmut/Pois 0%         N/A       100%        3
 Kindle Blastsparks       Fire/Tloc/Air  0%         2d10      100%        3
 Leda's Liquefaction      Hex/Erth       0%         N/A       100%        4
 Freezing Cloud           Conj/Ice/Air   0%         6-21      100%        5
 Lee's Rapid Deconstruct  Erth           0%         3d4*      100%        5
 Statue Form              Tmut/Erth      0%         N/A       100%        6


Dungeon Overview and Level Annotations

Branches:
Dungeon (6/15)             Temple (1/1) D:6           Sewer (visited)

Altars:
Ashenzari
Cheibriados
Dithmenos
Elyvilon
Fedhas
Gozag
Hepliaklqana
Kikubaaqudgha
Makhleb
Nemelex Xobeh
Okawaru
Qazlal
Ru
Trog
Uskayaw
Vehumet
Wu Jian
Xom
Yredelemnul
Zin

Annotations:
D:3 3 runed translucent doors, lunkers's ghost, amateur MeEE


Innate Abilities, Weirdness & Mutations

You have a pair of horns on your head.
You reflexively headbutt those who attack you in melee.


Message History

The gnoll is moderately wounded.
You feel sick.
You closely miss the gnoll. Your headbutt misses the gnoll.
The gnoll is moderately wounded.
You feel sick. The gnoll hits you but does no damage.
You hit the gnoll.
The gnoll is severely wounded.
You feel sick. You block the gnoll's attack.
The gnoll sergeant hits you from afar with a +3 trident of venom!
You are more poisoned.
You slash the gnoll!
You kill the gnoll!
Okawaru accepts your kill.
You feel sick.
The gnoll sergeant hits you from afar with a +3 trident of venom!
You are more poisoned.
You slash the gnoll! You headbutt the gnoll.
You kill the gnoll!
Okawaru accepts your kill.
You feel very sick.
The gnoll sergeant hits you but does no damage.
You are lethally poisoned!
It was a potion of ambrosia.
You are confused.
You feel invigorated.
* * * LOW HITPOINT WARNING * * *
You feel very sick.
The gnoll sergeant hits you from afar with a +3 trident of venom.
* * * LOW HITPOINT WARNING * * *
You are more poisoned.
The gnoll closely misses you.
It was a potion of attraction.
You feel attractive to monsters.
* * * LOW HITPOINT WARNING * * *
You feel extremely sick.
The gnoll sergeant hits you from afar with a +3 trident of venom.
* * * LOW HITPOINT WARNING * * *
You are more poisoned.
The gnoll hits you from afar with a +0 halberd!
You die...

### #g. #g# #### #g#
##...##############.##
###.....##.............#
.............########..#
#.............@)g....###
##.........#####g.........
##..#.....# #.###.####.
#..#.....# #.# .# .
##..##.#### #.# .# .
#..###..#######.# .# .
....#.....#.. ..# .#
..#.........##.###.#
.##.........##...###


You could see a gnoll sergeant and a gnoll.

Vanquished Creatures
  Prince Ribbit (D:5)
  Eustachio (D:5)
  Duvessa (D:6)
  An ice beast (D:6)
  2 phantoms
  4 kobold brigands (Sewer)
  3 scorpions
  2 necrophages
  A bullfrog (D:6)
  Dowan (D:6)
  A howler monkey (D:6)
  2 jellies (D:5)
  2 orc priests
  3 hounds
  3 iguanas
  An orc wizard (D:3)
  12 gnolls
  4 adders
  3 river rats (D:4)
  A white imp (D:5)
  2 ufetubi
  5 worms
  3 dart slugs
  18 orcs
  7 endoplasms
  2 giant cockroaches
  5 goblins
  5 hobgoblins
  2 jackals (D:3)
  10 kobolds
  4 quokkas
  14 ball pythons
  5 bats
  3 frilled lizards
  5 rats
139 creatures vanquished.

Vanquished Creatures (others)
  A quokka (D:1)
1 creature vanquished.

Grand Total: 140 creatures vanquished

Notes
Turn   | Place    | Note
-------+----------+-------------------------------------------
     0 | D:1      | garrulousMonolith the Minotaur Fighter began the quest for
                  | the Orb.
     0 | D:1      | Reached XP level 1. HP: 19/19 MP: 0/0
   301 | D:1      | Reached XP level 2. HP: 17/27 MP: 1/1
  1047 | D:2      | Reached skill level 3 in Long Blades
  1057 | D:2      | Reached skill level 1 in Dodging
  1057 | D:2      | Reached XP level 3. HP: 23/33 MP: 2/2
  1273 | D:2      | Reached XP level 4. HP: 38/40 MP: 3/3
  2035 | D:3      | Reached skill level 4 in Long Blades
  2287 | D:3      | Found a runed translucent gate.
  2287 | D:3      | Found a runed translucent gate.
  2287 | D:3      | Found a runed translucent gate.
  2288 | D:3      | Found an opulent altar of Gozag.
  2327 | D:3      | Noticed lunkers's ghost (amateur MeEE)
  2362 | D:3      | Reached XP level 5. HP: 47/47 MP: 4/4
  2545 | D:3      | Found a white marble altar of Elyvilon.
  2726 | D:3      | Found a glowing silver altar of Zin.
  2928 | D:4      | Found a glowing drain.
  2932 | Sewer    | Entered a sewer
  3092 | Sewer    | Reached XP level 6. HP: 29/53 MP: 5/5
  3250 | Sewer    | Reached skill level 5 in Long Blades
  3393 | Sewer    | Reached skill level 5 in Fighting
  3393 | Sewer    | Reached skill level 5 in Armour
  3393 | Sewer    | Reached skill level 5 in Shields
  3396 | Sewer    | Reached XP level 7. HP: 33/61 MP: 6/6
  3651 | D:4      | Identified the +7 dagger "Xieq" {vorpal, rC- Str+3 Int+2}
  4014 | D:4      | Reached skill level 6 in Long Blades
  4014 | D:4      | Identified the +2 ring mail of Anaesthesia {Harm rN++
                  | Int-5}
  4435 | D:5      | Entered Level 5 of the Dungeon
  4859 | D:5      | Noticed Prince Ribbit
  4884 | D:5      | Killed Prince Ribbit
  4885 | D:5      | Reached skill level 7 in Long Blades
  4885 | D:5      | Reached XP level 8. HP: 15/70 MP: 7/7
  5577 | D:5      | Noticed Eustachio
  5611 | D:5      | Killed Eustachio
  5994 | D:6      | Noticed Dowan
  5998 | D:6      | Noticed Duvessa
  6001 | D:6      | Reached skill level 8 in Long Blades
  6014 | D:6      | Killed Duvessa
  6033 | D:6      | Killed Dowan
  6109 | D:6      | Reached XP level 9. HP: 45/78 MP: 8/8
  6220 | D:6      | Reached skill level 5 in Dodging
  6272 | D:6      | Found a staircase to the Ecumenical Temple.
  6282 | Temple   | Entered the Ecumenical Temple
  6350 | Temple   | Became a worshipper of Warmaster Okawaru
  6638 | D:6      | Slain by a gnoll

Illustrated notes

Levels and vault maps discovered:
D:1:      scummos_arrival_forest, layout_basic, amcnicky_mini_pool_small,
          minmay_splitting_lines
D:2:      layout_loops_cross
D:3:      layout_loops_ring, zin_treasury, mainiacjoe_overflow_boulevard,
          ebering_ghost_gozag, palyth_stone_intersect, grunt_decor_mini_mirrors,
          chequers_serial_rivers_micro_e, grunt_ministairs_8
D:4:      layout_loops_corners, lightli_sewer_entry_pipes
D:5:      layout_cave_pods, serial_rivers, chequers_serial_rivers_micro_c,
          chequers_serial_rivers_large_a, chequers_serial_rivers_micro_b,
          chequers_serial_rivers_micro_a, chequers_serial_rivers_micro_b,
          uniq_eustachio, uniq_prince_ribbit1
D:6:      nicolae_cairo_tiling_large_dashed, layout_loops_ring, uniq_duvessa
Temple:   eino_narrow_crystal_temple

Skill      XL: |  1  2  3  4  5  6  7  8  9 |
---------------+----------------------------+-----
Long Blades    | 3 4 5 7 8 |  8.5
Dodging        | 1 2 3 4 5 |  5.0
Fighting       | 4 5 6 |  6.8
Armour         | 4 5 6 |  6.9
Shields        | 4 5 6 |  6.7

Action                   |  1- 3 |  4- 6 |  7- 9 || total
-------------------------+-------+-------+-------++-------
Melee: Long sword        |    74 |   202 |   162 ||   438
       Headbutt          |     8 |    35 |    35 ||    78
       Falchion          |       |       |    81 ||    81
Throw: Throwing net      |       |       |     2 ||     2
Evoke: Wand              |       |       |     1 ||     1
  Use: Scroll            |     2 |       |     9 ||    11
       Potion            |       |       |     3 ||     3
Armor: Scale mail        |    28 |       |       ||    28
       Plate armour      |     1 |   103 |   144 ||   248
       Ring mail         |       |    42 |       ||    42
Dodge: Dodged            |    38 |    93 |    90 ||   221
Block: Buckler           |    16 |    53 |    56 ||   125

Table legend: (Time is in decaauts)
 A = Elapsed time spent in this place.
 B = Non-inter-level travel time spent in this place.
 C = Inter-level travel time spent in this place.
 D = Time resting spent in this place.
 E = Time spent auto-exploring this place.
 F = Levels seen in this place.
 G = Mean time per level.
                   A        B        C        D        E       F      G
               +--------+--------+--------+--------+--------+-----+--------+
         Total |   6782 |   6585 |    197 |   1179 |   4132 |   8 |  847.8 |
       Dungeon |   5961 |   5777 |    184 |   1030 |   3657 |   6 |  993.5 |
        Temple |    199 |    186 |     13 |      0 |    171 |   1 |  199.0 |
         Sewer |    621 |    621 |      0 |    149 |    303 |   1 |  621.0 |
               +--------+--------+--------+--------+--------+-----+--------+

Top non-repeatable levels by time:
     D:5: 1528 daAuts
     D:4: 1045 daAuts
     D:1: 1017 daAuts
     D:3: 961 daAuts
     D:2: 923 daAuts
   Sewer: 621 daAuts
     D:6: 485 daAuts
  Temple: 199 daAuts
